 Dungeon Crawl Stone Soup version 0.18.1-6-gd335043 (webtiles) character file.

290 manyhoops the Chopper (level 6, -11/48 HPs)
             Began as a Demonspawn Gladiator on May 16, 2016.
             Mangled by an ogre
             ... wielding a +0 giant spiked club
              (23 damage)
             ... on level 4 of the Dungeon.
             The game lasted 00:05:02 (2815 turns).

manyhoops the Chopper (Demonspawn Gladiator)        Turns: 2815, Time: 00:05:02

Health: -11/48     AC:  9    Str: 22    XL:     6   Next: 9%
Magic:  6/6        EV: 14    Int: 10    God:
Gold:   128        SH:  0    Dex: 13    Spells: 0 memorised, 5 levels left

rFire  . . .     SeeInvis .     a - +0 war axe
rCold  . . .     Gourm    .     o - +0 ring mail
rNeg   . . .     Faith    .     (no shield)
rPois  +         Spirit   .     c - +0 helmet
rElec  .         Dismiss  .     i - +0 cloak
rCorr  .         Reflect  .     m - +0 pair of gloves
SustAt .         Harm     .     (no boots)
MR     .....                    (no amulet)
Stlth  +.........               (no ring)
                                x - ring of poison resistance

@: mighty, not resistant to hostile enchantments, very unstealthy
A: claws 1, repulsion field 1, powered by pain 1
a: no special abilities


You were on level 4 of the Dungeon.
You were not hungry.

You visited 1 branch of the dungeon, and saw 4 of its levels.

You collected 128 gold pieces.

Inventory:

Hand Weapons
 a - a +0 war axe (weapon)
Missiles
 d - a throwing net (quivered)
Armour
 b - a +0 leather armour
 c - a +0 helmet (worn)
 i - a +0 cloak (worn)
 m - a +0 pair of gloves (worn)
 o - a +0 ring mail (worn)
Jewellery
 x - a ring of poison resistance (left hand)
Scrolls
 e - a scroll of enchant armour {unknown}
 g - a scroll of noise {unknown}
 h - 2 scrolls of random uselessness {unknown}
 j - a scroll of fear {unknown}
 k - a scroll of enchant weapon {unknown}
 l - a scroll of magic mapping {unknown}
 n - a scroll of teleportation
 y - a scroll of fog {unknown}
Potions
 p - a potion of curing {unknown}
 q - 2 potions of heal wounds {unknown}
 s - a potion of lignification
 t - 3 potions of mutation
 u - 2 potions of invisibility
 v - a potion of flight {unknown}
 z - a potion of degeneration {unknown}
Comestibles
 f - 2 bread rations
 r - a chunk of flesh
 w - 2 meat rations


   Skills:
 + Level 3.8 Fighting
 + Level 4.3 Axes
 - Level 1.7 Throwing
 + Level 3.0 Armour
 - Level 2.6 Dodging


You had 5 spell levels left.
You didn't know any spells.

Dungeon Overview and Level Annotations

Branches:
Dungeon (4/15)
 Temple: D:4-7

Altars:
Dithmenos
Gozag
Makhleb
Okawaru

Annotations:
D:4 Edmund; Eustachio; Grinder; preste's ghost, amateur DEIE


Innate Abilities, Weirdness & Mutations

You have sharp fingernails.
You are surrounded by a mild repulsion field (EV +2).
You sometimes gain a little power by taking damage.


Message History

There is an open door here.
An ogre comes into view. It is wielding a giant spiked club.
The ogre shouts!
The ogre hits you with a giant spiked club!
There is an open door, spattered with blood here.
Found a scroll of identify.
The ogre completely misses you.
You hit the ogre.
The ogre is lightly wounded.
The ogre closely misses you.
You barely miss the ogre.
The ogre is lightly wounded.
The ogre hits you with a giant spiked club!!
* * * LOW HITPOINT WARNING * * *
You focus on the pain.
You feel very mighty all of a sudden.
You hit the ogre.
The ogre is lightly wounded.
The ogre hits you with a giant spiked club!!
You die...

...... ..... #######
##+# .# .... .......
....##########'#. ...
.......
................# #..
.......
................# #..
.......
................# #..
.......
?...%...........# #..
.......
........@.......#
###.. ......#
#########O.......
...... ......#
#....#........
....... ......#
#....#........
....... ......#
#....'........
....... ......#
##...#........
....... ......
#...##########.....##
.... #............#
....#.
#'##............# ..
#.


You could see an ogre.

Vanquished Creatures
  A howler monkey (D:3)
  A hound (D:2)
  2 orc priests (D:3)
  Natasha (D:4)
  A worker ant (D:4)
  4 adders
  2 dart slugs
  A giant gecko (D:1)
  6 orcs (D:3)
  A ball python (D:2)
  8 bats
  4 giant cockroaches
  15 goblins
  7 hobgoblins
  A quokka (D:3)
  6 giant newts
  4 kobolds
  7 rats
72 creatures vanquished.

Notes
Turn   | Place    | Note
--------------------------------------------------------------
     0 | D:1      | manyhoops the Demonspawn Gladiator began the quest for the Orb.
     0 | D:1      | Reached XP level 1. HP: 16/16 MP: 1/1
    62 | D:1      | Reached skill level 3 in Axes
    75 | D:1      | Gained mutation: You sometimes gain a little power by taking damage. [demonic ancestry]
    75 | D:1      | Reached XP level 2. HP: 5/22 MP: 2/2
   772 | D:2      | Found an iron altar of Okawaru.
   794 | D:2      | Found an opulent altar of Gozag.
   851 | D:2      | Reached skill level 1 in Armour
   851 | D:2      | Gained mutation: You have sharp fingernails. [demonic ancestry]
   851 | D:2      | Reached XP level 3. HP: 26/28 MP: 3/3
  1073 | D:2      | Found a burning altar of Makhleb.
  1081 | D:2      | Gained mutation: You are surrounded by a mild repulsion field (EV +2). [demonic ancestry]
  1081 | D:2      | Reached XP level 4. HP: 19/34 MP: 4/4
  1423 | D:3      | Reached XP level 5. HP: 38/41 MP: 5/5
  1834 | D:3      | Reached skill level 4 in Axes
  1989 | D:3      | Found a faded altar to an unknown god.
  2279 | D:3      | You fall through a shaft!
  2291 | D:4      | Noticed preste's ghost (amateur DEIE)
  2292 | D:4      | Noticed Natasha
  2304 | D:4      | Found a shadowy altar of Dithmenos.
  2525 | D:4      | Noticed Edmund
  2577 | D:4      | Noticed Eustachio
  2690 | D:4      | Killed Natasha
  2690 | D:4      | Reached XP level 6. HP: 45/48 MP: 6/6
  2792 | D:4      | Noticed Grinder
  2815 | D:4      | Mangled by an ogre

Skill      XL: |  1  2  3  4  5  6 |
---------------+-------------------+-----
Axes           | 3 4 |  4.3
Armour         | 1 2 3 |  3.0
Fighting       | 3 |  3.8
Throwing       | |  1.7
Dodging        | |  2.6

Action                   |  1- 3 |  4- 6 || total
-------------------------+-------+-------++-------
Melee: War axe           |   122 |   113 ||   235
Throw: Throwing net      |       |     2 ||     2
  Use: Scroll            |     1 |     5 ||     6
  Eat: Chunk             |     1 |     2 ||     3
       Meat ration       |       |     1 ||     1
       Pizza             |       |     1 ||     1
Armor: Leather armour    |    23 |       ||    23
       Ring mail         |    46 |    64 ||   110
Dodge: Dodged            |    95 |   109 ||   204
